 Dungeon Crawl Stone Soup version 0.21.1-1-g345015f (webtiles) character file.

322 vatarom the Vexing (level 6, -3/47 HPs)
             Began as a Formicid Arcane Marksman on May 3, 2018.
             Was a Follower of Dithmenos.
             Killed from afar by an orc wizard (8 damage)
             ... with a magic dart
             ... on level 4 of the Dungeon.
             The game lasted 00:08:33 (2979 turns).

vatarom the Vexing (Formicid Arcane Marksman)       Turns: 2979, Time: 00:08:34

Health: -3/47      AC:  4    Str: 15    XL:     6   Next: 76%
Magic:  7/7        EV: 12    Int: 13    God:    Dithmenos [*.....]
Gold:   156        SH:  0    Dex: 12    Spells: 1/7 levels left

rFire    . . .     SeeInvis +   a - +0 hand crossbow
rCold    . . .     Gourm    .   (no shield)
rNeg     . . .     Faith    .   e - +0 robe
rPois    .         Spirit   .   (helmet unavailable)
rElec    .         Reflect  .   (no cloak)
rCorr    .         Harm     .   s - +0 pair of gloves
MR       .....                  u - +0 pair of boots
Stlth    +.........             (no amulet)
HPRegen  0.15/turn              (no ring)
MPRegen  0.10/turn              (no ring)

@: wreathed by umbra
A: permanent stasis, dig shafts and tunnels, four strong arms, antennae 3
a: Dig, Shaft Self, Renounce Religion


You were on level 4 of the Dungeon.
You worshipped Dithmenos.
Dithmenos was aware of your devotion.
You were hungry.

You visited 1 branch of the dungeon, and saw 4 of its levels.

You collected 156 gold pieces.

Inventory:

Hand Weapons
 a - a +0 hand crossbow (weapon)
Missiles
 d - 18 bolts (quivered)
Armour
 e - a +0 robe (worn)
 s - a +0 pair of gloves (worn)
 u - a +0 pair of boots (worn)
Scrolls
 b - 2 scrolls of identify {unknown}
 g - 2 scrolls of magic mapping {unknown}
 i - a scroll of amnesia {unknown}
 l - a scroll of remove curse {unknown}
 m - a scroll of teleportation {unknown}
 n - a scroll of fear {unknown}
 o - a scroll of random uselessness {unknown}
 p - 2 scrolls of enchant weapon {unknown}
Potions
 h - a potion of might {unknown}
 k - a potion of flight
 r - a potion of haste {unknown}
Books
 c - a book of Debilitation

   Spells                             Type                      Level
   a - Corona                         Hexes                        1
   b - Slow                           Hexes                        2
   c - Inner Flame                    Hexes/Fire                   3
   d - Portal Projectile              Hexes/Translocation          3
   e - Cause Fear                     Hexes                        4
   f - Leda's Liquefaction            Hexes/Earth                  4
 v - Kikubaaqudgha's Grimoire of Darkness
   (You found it on level 3 of the Dungeon)

   Spells                             Type                      Level
   a - Pain                           Necromancy                   1
Comestibles
 f - 2 rations


   Skills:
 + Level 3.4 Fighting
 * Level 4.8 Crossbows
 - Level 1.7 Dodging
 - Level 1.1 Spellcasting
 + Level 5.3 Hexes


You had one spell level left.
You knew the following spells:

 Your Spells              Type           Power        Failure   Level  Hunger
a - Corona                Hex            ##.....      3%          1    ##.....
b - Slow                  Hex            ##......     4%          2    ###....
c - Portal Projectile     Hex/Tloc       #.....       28%         3    ####...


Dungeon Overview and Level Annotations

Branches:
Dungeon (4/15)
 Temple: D:4-7

Altars:
Dithmenos
Fedhas
Kikubaaqudgha
Qazlal
Sif Muna
Vehumet


Innate Abilities, Weirdness & Mutations

You cannot be hasted, slowed, berserked, paralysed or teleported.
You can dig through walls and to a lower floor.
Your four strong arms can wield two-handed weapons with a shield.
You have a pair of large antennae on your head. (SInv)


Message History

Press: ? - help, Shift-Dir - straight line, f/p - orc
Aim: an orc, wielding a whip and wearing a scale mail You shoot a bolt.
The bolt hits the orc wizard!
The orc wizard is heavily wounded.
The orc wizard hits you but does no damage.
Firing (i - inventory):
d - 19 bolts (quivered)
Press: ? - help, Shift-Dir - straight line, f/p - orc
Aim: an orc, wielding a whip and wearing a scale mail You shoot a bolt.
The bolt hits the orc wizard but does no damage.
The orc wizard is heavily wounded.
The orc wizard hits you with a dagger.
* * * LOW HITPOINT WARNING * * *
You hear the hiss of a distant avalanche of sand.
The orc wizard points at you and mumbles some strange words.
The puff of flame hits you!
* * * LOW HITPOINT WARNING * * *
The orc wizard points at you and mumbles some strange words.
The magic dart hits you!
You die...

#################
#)o.{.{.S(....o)(
#o############### #o#
######.. #o# #....#.#
#.# #.##.#.#
#######.###.#..#.######
+.....@......<.†...>...
#####<#.###.#..####.###
#.#.# #.#..# { #.#.#
#.#.... #.#.# #.#..##.#
#.#.# ...... .. #####
#.#..## ## #.#... ##.#


You could see an orc wizard and 3 orcs.

Vanquished Creatures
  A phantom (D:4)
  An orc priest (D:4)
  A worker ant (D:2)
  Robin (D:2)
  3 gnolls (D:2)
  6 adders
  2 oozes (D:3)
  2 worms (D:2)
  A leopard gecko (D:3)
  8 orcs
  3 giant cockroaches
  11 goblins
  8 hobgoblins
  8 kobolds
  A quokka (D:3)
  7 bats
  A frilled lizard (D:1)
  8 rats
73 creatures vanquished.

Notes
Turn   | Place    | Note
-------+----------+-------------------------------------------
     0 | D:1      | vatarom the Formicid Arcane Marksman began the quest for the Orb.
     0 | D:1      | Reached XP level 1. HP: 15/15 MP: 2/2
   110 | D:1      | Reached skill level 4 in Hexes
   110 | D:1      | Reached XP level 2. HP: 21/21 MP: 3/3
   114 | D:1      | Learned a level 2 spell: Slow
   265 | D:1      | You fall through a shaft!
   265 | D:2      | Found a stormy altar of Qazlal.
   284 | D:2      | Reached XP level 3. HP: 18/26 MP: 4/4
  1075 | D:2      | Reached XP level 4. HP: 5/33 MP: 5/5
  1217 | D:2      | Found a shadowy altar of Dithmenos.
  1250 | D:2      | Became a worshipper of Dithmenos the Shadowed
  1285 | D:2      | Reached XP level 5. HP: 16/39 MP: 6/6
  1443 | D:2      | Found a blossoming altar of Fedhas.
  1754 | D:2      | Learned a level 3 spell: Portal Projectile
  2024 | D:2      | Noticed Robin
  2027 | D:2      | Killed Robin
  2309 | D:3      | Reached * piety under Dithmenos
  2365 | D:3      | Reached skill level 5 in Hexes
  2415 | D:3      | Reached XP level 6. HP: 46/46 MP: 7/7
  2704 | D:3      | Found an ancient bone altar of Kikubaaqudgha.
  2704 | D:3      | Found a deep blue altar of Sif Muna.
  2705 | D:3      | Found a radiant altar of Vehumet.
  2707 | D:3      | Identified Kikubaaqudgha's Grimoire of Darkness
  2837 | D:4      | Noticed a phantom
  2851 | D:4      | Killed a phantom
  2979 | D:4      | Killed from afar by an orc wizard

Skill      XL: |  1  2  3  4  5  6 |
---------------+-------------------+-----
Hexes          | 4 5 |  5.3
Crossbows      | 3 4 |  4.8
Fighting       | 2 3 |  3.4
Dodging        | |  1.7
Spellcasting   | |  1.1

Action                   |  1- 3 |  4- 6 || total
-------------------------+-------+-------++-------
Melee: Hand crossbow     |       |     1 ||     1
 Fire: Hand crossbow     |    71 |   150 ||   221
  Use: Potion            |     1 |     5 ||     6
  Eat: Chunk             |       |     2 ||     2
       Ration            |       |     1 ||     1
Armor: Robe              |     8 |     6 ||    14
Dodge: Dodged            |    22 |    47 ||    69
